 Dungeon Crawl Stone Soup version 0.29-a0-362-g5854e031c7 (webtiles) character file.

Game seed: 6956222726232901569

29 zeratav the Skirmisher (level 3, 30/30 HPs)
             Began as a Demonspawn Berserker on Apr 29, 2022.
             Was a Follower of Trog.
             Quit the game on level 2 of the Dungeon.
             The game lasted 00:02:20 (1398 turns).

zeratav the Skirmisher (Demonspawn Berserker)       Turns: 1398, Time: 00:02:21

Health: 30/30      AC:  9    Str: 19    XL:     3   Next: 1%
Magic:  3/3        EV:  7    Int:  8    God:    Trog [*.....]
Gold:   56         SH:  0    Dex: 12    Spells: 2/2 levels left

rFire   . . .      SeeInvis .   a - +0 hand axe {axe}
rCold   . . .      Faith    .   (no shield)
rNeg    . . .      Spirit   .   e - +0 chain mail
rPois   .          Reflect  .   j - +0 helmet
rElec   .          Harm     .   (no cloak)
rCorr   .          Rampage  .   (no gloves)
Will    .....                   (no boots)
Stlth   ..........              (no amulet)
HPRegen 0.10/turn               (no ring)
MPRegen 0.08/turn               (no ring)

@: no status effects
A: demonic guardian 1, demonic touch 1
a: Renounce Religion, Berserk


You were on level 2 of the Dungeon.
You worshipped Trog.
Trog was aware of your devotion.
You visited 1 branch of the dungeon, and saw 2 of its levels.

You collected 56 gold pieces.


Innate Abilities, Weirdness & Mutations

A weak demonic guardian rushes to your aid.
Your touch may inflict minor irresistible damage on your foes.


   Skills:
 + Level 4.2 Fighting
 - Level 2.6 Axes
 - Level 1.7 Armour
 - Level 1.7 Dodging


You had 2 spell levels left.
You didn't know any spells.
Your spell library contained the following spells:

 Spells                   Type           Power      Damage    Failure   Level
 Animate Skeleton         Necr           0%         N/A       99%         1
 Pain                     Necr           0%         1d4       99%         1
 Corpse Rot               Necr/Air       0%         N/A       100%        2
 Poisonous Vapours        Pois/Air       0%         N/A       100%        2
 Vampiric Draining        Necr           0%         2d6       100%        3

Inventory:

Hand Weapons
 a - a +0 hand axe (weapon) {axe}
Armour
 b - a +0 animal skin
 e - a +0 chain mail (worn)
   (You found it on level 1 of the Dungeon)
 j - a +0 helmet (worn)
   (You found it on level 1 of the Dungeon)
 q - a +0 ring mail
   (You found it on level 2 of the Dungeon)
Scrolls
 c - a scroll of enchant armour {unknown}
 d - 5 scrolls of identify {unknown}
 g - 3 scrolls of teleportation {unknown}
 h - a scroll of fear {unknown}
 l - a scroll of enchant weapon {unknown}
 m - a scroll of silence {unknown}
 o - a scroll of immolation {unknown}
Potions
 f - a potion of heal wounds {unknown}
 i - a potion of curing {unknown}
 k - a potion of brilliance {unknown}
 n - a potion of flight {unknown}
 p - a potion of cancellation {unknown}

Dungeon Overview and Level Annotations

Branches:
Dungeon (2/15)

Altars:

Shops:
D:1

* .....# #.# . ..#
#####.# #####.#.#
#...#.#
#.....#.###...#.########
..........'.............
.#####.###...#.########
#.# #...#.........
#.#####.# #######....###
#......@#########....#
##########......#....#
.........#.)..#
.........#....###
.........'......#
.........#....#..
#####......#######.
#...#......# .
#...+......#


There were no monsters in sight!


Message History

You kill the hobgoblin!
Trog accepts your kill.
No target in view!
No target in view!
No target in view!
No target in view!
No target in view!
No target in view!
No target in view!
No target in view!
No target in view!
No target in view!
No target in view!
No target in view!
No target in view!
No target in view!
No target in view!
o - a scroll labelled GUZUEH RICUAL As you open the door, it creaks loudly!
A goblin comes into view. It is wielding a +0 dagger.
The goblin shouts!
The goblin moves out of view.
There is an open door here.
You barely miss the goblin. The goblin hits you but does no damage.
You hit the goblin.
You kill the goblin!
Trog accepts your kill.
No target in view!
No target in view!
No target in view!
No target in view!
No target in view!
No target in view!
No target in view!
No target in view!
No target in view!
No target in view!
No target in view!
p - a smoky golden potion You see here a +0 dagger {short}.
g - 3 scrolls labelled YMIUNAXTAXT (gained 1)
A rat comes into view.
The rat moves out of view.
You see here a +0 ring mail.
A rat is nearby!
You hit the rat. The rat barely misses you.
You hit the rat.
You kill the rat!
Trog accepts your kill.
No target in view!
No target in view!
No target in view!
No target in view!
No target in view!
No target in view!
No target in view!
No target in view!
No target in view!
No target in view!
No target in view!
No target in view!
q - a +0 ring mail
d - 5 scrolls labelled YKINOSIQEK (gained 1)
You open the door.
There is an open door here.
An endoplasm comes into view.
The endoplasm quivers.
An endoplasm is nearby!
An endoplasm is nearby!
An endoplasm is nearby!
An endoplasm is nearby!
You hit the endoplasm but do no damage. The endoplasm hits you.
HP[-1]
You take 1 damage, and now have 24/25 hp.
You hit the endoplasm. The endoplasm barely misses you.
The endoplasm freezes you.
You are frozen.
HP[-5]
You take 5 damage, and now have 19/25 hp.
You hit the endoplasm.
The endoplasm hits you but does no damage.
You hit the endoplasm.
You kill the endoplasm!
Trog accepts your kill.
You have reached level 3!
Your experience leads to an increase in your attributes!
Increase (S)trength, (I)ntelligence, or (D)exterity?
You feel stronger. x2
You feel monstrous as your demonic heritage exerts itself.
Your demonic ancestry asserts itself...
Your hands begin to faintly glow with unholy energy.
HP[+4] MP[+1]
You now have 30 max hp (+5).
You regained 4 hp, and now have 23/30 hp.
Your mp is fully restored (3).
You pick up a book of Vapours {forbidden} and begin reading...
You add the spells Poisonous Vapours and Corpse Rot to your library.
HP[+7]
Your hp is fully restored (30).
Are you sure you want to abandon this character and quit the game? (Confirm with "yes".)

Skill      XL: |  1  2 |
---------------+-------+-----
Fighting       | 4 |  4.2
Axes           | |  2.6
Armour         | |  1.7
Dodging        | |  1.7

Action                   || total
-------------------------++-------
Melee: Hand axe          ||    79
 Stab: Sleeping          ||     1
Armor: Animal skin       ||     9
       Chain mail        ||    18
Dodge: Dodged            ||    50

Levels and vault maps discovered:
D:1:      dpeg_arrival_rooms_with_view, layout_basic, serial_shops,
          nicolae_lakefront_shop
D:2:      layout_basic, serial_shops, shop

Notes
Turn   | Place    | Note
-------+----------+-------------------------------------------
     0 | D:1      | zeratav the Demonspawn Berserker began the quest for the
                  | Orb.
     0 | D:1      | Reached XP level 1. HP: 18/18 MP: 1/1
     0 | D:1      | magus.rc [v1.9.6]
   500 | D:1      | Gained mutation: A weak demonic guardian rushes to your
                  | aid. [demonic ancestry]
   500 | D:1      | Reached XP level 2. HP: 21/24 MP: 2/2
   604 | D:1      | You pick up a book of Necromancy {forbidden} and begin
                  | reading...
   604 | D:1      | You add the spells Pain, Animate Skeleton and Vampiric
                  | Draining to your library.
  1017 | D:1      | Reached skill level 4 in Fighting
  1151 | D:1      | Found Egesuywyw's General Store.
  1325 | D:2      | You feel monstrous as your demonic heritage exerts itself.
  1325 | D:2      | Discovered your monstrous ancestry.
  1325 | D:2      | Gained mutation: Your touch may inflict minor irresistible
                  | damage on your foes. [demonic ancestry]
  1325 | D:2      | Reached XP level 3. HP: 23/30 MP: 3/3
  1397 | D:2      | You pick up a book of Vapours {forbidden} and begin
                  | reading...
  1397 | D:2      | You add the spells Poisonous Vapours and Corpse Rot to your
                  | library.
  1398 | D:2      | Quit the game

Vanquished Creatures
  3 endoplasms
  2 giant cockroaches (D:1)
  2 goblins
  3 hobgoblins
  A quokka (D:1)
  2 ball pythons (D:1)
  3 bats (D:1)
  4 frilled lizards (D:1)
  A kobold (D:1)
  7 rats
28 creatures vanquished.

Vanquished Creatures (collateral kills)
  A hobgoblin (D:1)
  A bat (D:1)
2 creatures vanquished.

Grand Total: 30 creatures vanquished

Table legend:
 A = Non-vault XP
 B = Vault XP
 C = Vault XP percentage of total XP
 D = Non-vault monster count
 E = Vault monster count
 F = Vault count percentage of total count
                 A         B        C        D         E       F
            +---------+---------+-------+---------+---------+-------
      Total |      39 |       3 |   7.1 |      28 |       2 |   6.7
            +---------+---------+-------+---------+---------+-------
        D:1 |      32 |       3 |   8.6 |      24 |       2 |   7.7
        D:2 |       7 |       0 |   0.0 |       4 |       0 |   0.0
            +---------+---------+-------+---------+---------+-------

Illustrated notes

Table legend:
 A = Kills in this place as a percentage of kills in entire the game.
 B = Kills by you in this place as a percentage of kills by you in the entire game.
 C = Kills by friends in this place as a percentage of kills by friends in the entire game.
 D = Other kills in this place as a percentage of other kills in the entire game.
 E = Experience gained in this place as a percentage of experience gained in the entire game.
 F = Experience gained in this place divided by the number of levels of this place that you have seen.
                   A       B       C       D       E      F
               +-------+-------+-------+-------+-------+----------------------
         Total | 100.0 | 100.0 | 100.0 |   N/A | 100.0 |  21.0
       Dungeon | 100.0 | 100.0 | 100.0 |   N/A | 100.0 |  21.0
               +-------+-------+-------+-------+-------+----------------------

Table legend: (Time is in decaauts)
 A = Elapsed time spent in this place.
 B = Non-inter-level travel time spent in this place.
 C = Inter-level travel time spent in this place.
 D = Time resting spent in this place.
 E = Time spent auto-exploring this place.
 F = Levels seen in this place.
 G = Mean time per level.
                   A        B        C        D        E       F      G
               +--------+--------+--------+--------+--------+-----+--------+
         Total |   1410 |   1384 |     26 |    172 |    988 |   2 |  705.0 |
       Dungeon |   1410 |   1384 |     26 |    172 |    988 |   2 |  705.0 |
               +--------+--------+--------+--------+--------+-----+--------+

Top non-repeatable levels by time:
     D:1: 1274 daAuts
     D:2: 136 daAuts
